 Dungeon Crawl Stone Soup version 0.22.0-16-gc6d26f6 (webtiles) character file.

354 Xenophilius the Chucker (level 6, -1/53 HPs)
             Began as a Centaur Arcane Marksman on Aug 17, 2018.
             Was an Initiate of Gozag.
             Slain by a hound (3 damage)
             ... on level 7 of the Dungeon.
             The game lasted 00:16:21 (5588 turns).

Xenophilius the Chucker (Centaur Arcane Marksman)   Turns: 5588, Time: 00:16:22

Health: -1/53      AC:  8    Str: 15    XL:     6   Next: 35%
Magic:  7/7        EV:  4    Int: 12    God:    Gozag
Gold:   269        SH:  0    Dex:  9    Spells: 6/7 levels left

rFire    . . .     SeeInvis .   b - +0 hunting sling
rCold    . . .     Gourm    .   (no shield)
rNeg     . . .     Faith    .   o - +0 chain mail
rPois    .         Spirit   .   (no helmet)
rElec    .         Reflect  .   l - +0 cloak
rCorr    .         Harm     .   (no gloves)
MR       .....                  (no barding)
Stlth    ..........             (no amulet)
HPRegen  0.17/turn              (no ring)
MPRegen  0.10/turn              (no ring)

@: gold aura, fainting, very quick
A: large, hooves 3, deformed body, speed 2, tough skin 3
a: Potion Petition, Call Merchant, Bribe Branch, Renounce Religion


You were on level 7 of the Dungeon.
You worshipped Gozag.
Gozag was aware of your devotion.
You were fainting.

You visited 1 branch of the dungeon, and saw 5 of its levels.

You collected 287 gold pieces.
You paid 18 gold pieces to Gozag.

Inventory:

Hand Weapons
 a - a +0 dagger
 b - a +0 hunting sling (weapon)
 m - a +0 mace
 r - a +0 long sword
Missiles
 d - 2 throwing nets
 f - 21 poisoned needles
 s - 74 stones (quivered)
 y - 6 sling bullets
Armour
 j - a +0 robe
 l - a +0 cloak (worn)
 o - a +0 chain mail (worn)
 w - a +2 ring mail of poison resistance
Jewellery
 x - an uncursed ring of stealth {unknown}
 z - a cursed ring of teleportation {unknown}
Scrolls
 e - a scroll of magic mapping {unknown}
 t - a scroll of amnesia {unknown}
 v - a scroll of identify {unknown}
 A - a scroll of teleportation {unknown}
Potions
 g - 2 potions of invisibility
 h - a potion of magic {unknown}
 i - a potion of resistance {unknown}
 k - a potion of degeneration {unknown}
 n - a potion of ambrosia {unknown}
 p - a potion of flight {unknown}
 q - 2 potions of brilliance {unknown}


   Skills:
 + Level 4.6 Fighting
 + Level 5.5 Throwing
 - Level 1.3 Dodging
 - Level 1.0 Spellcasting
 - Level 2.6 Hexes


You had 6 spell levels left.
You knew the following spells:

 Your Spells              Type           Power        Failure   Level  Hunger
a - Corona                Hex            #......      95%         1    ##.....

Your spell library contained the following spells:

 Spells                   Type           Power        Failure   Level  Hunger
 Cause Fear               Hex            #.........   100%        4    #####..
 Slow                     Hex            #.......     98%         2    ###....
 Summon Small Mammal      Summ           #...         100%        1    ##.....
 Summon Ice Beast         Ice/Summ       #.......     100%        4    #####..
 Call Imp                 Summ           #.......     100%        2    ###....
 Call Canine Familiar     Summ           #.......     100%        3    ####...
 Portal Projectile        Hex/Tloc       #.....       100%        3    ####...
 Leda's Liquefaction      Hex/Erth       #.........   100%        4    #####..
 Inner Flame              Hex/Fire       #.......     100%        3    ####...
 Summon Lightning Spire   Summ/Air       #.......     100%        4    #####..
 Summon Guardian Golem    Hex/Summ       #.......     100%        3    ####...


Dungeon Overview and Level Annotations

Branches:
Dungeon (4/15)
 Temple: D:4-7

Altars:
Gozag
Kikubaaqudgha
Xom
The Shining One
Beogh


Innate Abilities, Weirdness & Mutations

You have hooves in place of feet.
Armour fits poorly on your strangely shaped body.
You cover ground very quickly.
You have extremely tough skin. (AC +3)


Message History

The hound bites you but does no damage. x2
Throwing (i - inventory. (/) - cycle)
u - 3 tomahawks (quivered)
Press: ? - help, Shift-Dir - straight line, f/p - hound
Aim: a hound (heavily wounded)
You throw a tomahawk. The tomahawk closely misses the hound.
The hound bites you.
* * * LOW HITPOINT WARNING * * *
The hound bites you but does no damage.
Throwing (i - inventory. (/) - cycle)
u - 2 tomahawks (quivered)
Press: ? - help, Shift-Dir - straight line, f/p - hound
Aim: a hound (heavily wounded)
You throw a tomahawk. The tomahawk barely misses the hound.
The hound bites you but does no damage.
Throwing (i - inventory. (/) - cycle)
u - a tomahawk (quivered)
Press: ? - help, Shift-Dir - straight line, f/p - hound
Aim: a hound (heavily wounded)
You throw a tomahawk. The tomahawk misses the hound.
The hound bites you but does no damage. The hound bites you.
You die...
Your body crumbles into a pile of gold.

$ ##.######
#.....(.#
.....####.#
..O #(#####
. #(#...##
#h.###.##
##@## ##.##
#.## ##.#
#.# #.#
#.## ##.#
##.## ##.##
##.###.##
##...##
##.## #.#


You could see a hound.

Vanquished Creatures
  An ogre (D:7)
  3 orc wizards (D:3)
  3 worker ants (D:4)
  4 adders
  An adder skeleton (D:2)
  4 worms
  A dart slug (D:3)
  2 leopard geckos (D:3)
  6 orcs (D:3)
  9 bats
  A giant cockroach (D:4)
  7 goblins
  7 hobgoblins
  6 jackals
  7 frilled lizards
  5 kobolds
  A rat (D:1)
68 creatures vanquished.

Vanquished Creatures (others)
  4 toadstools (D:1)
4 creatures vanquished.

Grand Total: 72 creatures vanquished

Notes
Turn   | Place    | Note
-------+----------+-------------------------------------------
     0 | D:1      | Xenophilius the Centaur Arcane Marksman began the quest for the Orb.
     0 | D:1      | Reached XP level 1. HP: 16/16 MP: 2/2
   199 | D:1      | Reached XP level 2. HP: 16/23 MP: 3/3
  1418 | D:2      | Reached skill level 3 in Throwing
  1939 | D:2      | Reached XP level 3. HP: 24/29 MP: 4/4
  2575 | D:2      | Found a glowing golden altar of the Shining One.
  2575 | D:2      | Found an opulent altar of Gozag.
  2585 | D:2      | Became a worshipper of Gozag Ym Sagoz the Greedy
  4048 | D:3      | Reached XP level 4. HP: 28/37 MP: 5/5
  4276 | D:3      | Reached skill level 4 in Throwing
  4837 | D:3      | Reached XP level 5. HP: 45/45 MP: 6/6
  5229 | D:3      | Found a shimmering altar of Xom.
  5418 | D:4      | Found an ancient bone altar of Kikubaaqudgha.
  5468 | D:4      | Reached skill level 5 in Throwing
  5506 | D:4      | Reached XP level 6. HP: 8/52 MP: 7/7
  5510 | D:4      | Found a roughly hewn altar of Beogh.
  5525 | D:4      | You fall through a shaft for 3 floors!
  5586 | D:7      | HP: 2/53 [hound (3)]
  5588 | D:7      | Slain by a hound

Skill      XL: |  1  2  3  4  5 |
---------------+----------------+-----
Fighting       | 2 3 4 |  4.6
Throwing       | 3 4 5 |  5.5
Dodging        | |  1.3
Spellcasting   | |  1.0
Hexes          | |  2.6

Action                   |  1- 3 |  4- 6 || total
-------------------------+-------+-------++-------
Melee: Unarmed           |   200 |       ||   200
       Kick              |    47 |    24 ||    71
       Dagger            |    75 |   148 ||   223
 Fire: Hunting sling     |       |    84 ||    84
Throw: Javelin           |     5 |     5 ||    10
       Stone             |       |    16 ||    16
       Tomahawk          |       |    20 ||    20
Invok: Potion Petition   |       |     1 ||     1
 Stab: Invisible         |       |     2 ||     2
       Distracted        |       |     1 ||     1
  Eat: Chunk             |     3 |       ||     3
       Ration            |     1 |     1 ||     2
Armor: Robe              |    57 |       ||    57
       Chain mail        |    47 |   168 ||   215
Dodge: Dodged            |   100 |    56 ||   156
